 Dungeon Crawl Stone Soup version 0.28-a0-1038-g9c4cb8273d (webtiles) character file.

Game seed: 15761381606633624541

398812 fragbeetle the Slayer (level 22, -4/223 HPs)
             Began as a Minotaur Fighter on Dec 8, 2021.
             Was the Champion of the Shining One.
             Killed from afar by a deep troll earth mage (34 damage)
             ... with a blast of metal fragments
             ... on level 5 of the Vaults on Dec 9, 2021.
             The game lasted 04:06:50 (55149 turns).

fragbeetle the Slayer (Minotaur Fighter)           Turns: 55149, Time: 04:06:51

Health: -4/223     AC: 38    Str: 29    XL:     22   Next: 24%
Magic:  16/29      EV: 18    Int:  8    God:    the Shining One [******]
Gold:   1606       SH: 21    Dex: 15    Spells: 18/23 levels left

rFire   + + .      SeeInvis .   j - +7 flail (protect)
rCold   + . .      Faith    .   c - +0 kite shield {rF+}
rNeg    + + +      Spirit   .   Z - +6 chain mail {Will+}
rPois   +          Reflect  +   X - +0 hat
rElec   +          Harm     .   a - +2 ratskin cloak {*Rats rPois rN+ Str-1 Int-1 Dex+1}
rCorr   .          Rampage  .   l - +2 pair of gloves {Str+3}
Will    ++...                   h - +2 pair of boots of Inquiry {rElec rC+ Dex+3}
Stlth   ..........              M - amulet of reflection
HPRegen 0.47/turn               w - ring of protection from fire
MPRegen 0.21/turn               P - +4 ring of evasion

@: mighty, under a protective aura, hasted, glowing, very quick
A: horns 2, retaliatory headbutt
}: 2/15 runes: serpentine, barnacled
a: Renounce Religion, Divine Shield, Cleansing Flame, Summon Divine Warrior,
Brand Weapon With Holy Wrath


You were on level 5 of the Vaults.
You worshipped the Shining One.
The Shining One was exalted by your worship.
You visited 8 branches of the dungeon, and saw 40 of its levels.
You visited the Abyss 1 time.
You also visited: Bailey.

You collected 4701 gold pieces.
You spent 3095 gold pieces at shops.

Inventory:

Hand Weapons
 j - a +7 flail of protection (weapon)
 U - the +6 longbow of Ukkabb {vorpal, Contam rElec Will+++ Dex-5}
   (You found it on level 2 of the Vaults)

   Any ammunition fired from it inflicts extra damage upon your enemies.
   Dex:       It affects your dexterity (-5).
   rElec:     It insulates you from electricity.
   Contam:    It causes magical contamination when unequipped.
   Will:      It greatly increases your willpower.
 W - the +9 hand axe "Hixuhyidi" {antimagic, rF- Str+3 Dex+6 Stlth+}
   (You took it off a deep elf sorcerer on level 3 of the Elven Halls)

   It reduces the magical energy of the wielder, and disrupts the spells and
   magical abilities of those it strikes.
   Natural abilities and divine invocations are not affected.
   Str:       It affects your strength (+3).
   Dex:       It affects your dexterity (+6).
   rF:        It makes you vulnerable to fire.
   Stlth:     It makes you more stealthy.
Missiles
 d - 6 silver javelins (quivered)
 H - 12 throwing nets
 Q - 2 silver boomerangs
Armour
 a - the +2 ratskin cloak (worn) {*Rats rPois rN+ Str-1 Int-1 Dex+1}
   (You acquired it on level 12 of the Dungeon)

   When the wearer is hurt, rats may emerge from it to assist them.
   Str:       It affects your strength (-1).
   Int:       It affects your intelligence (-1).
   Dex:       It affects your dexterity (+1).
   rPois:     It protects you from poison.
   rN:        It protects you from negative energy.
 c - a +0 kite shield of fire resistance (worn)
 h - the +2 pair of boots of Inquiry (worn) {rElec rC+ Dex+3}
   (You acquired it on level 7 of the Dungeon)

   Dex:       It affects your dexterity (+3).
   rC:        It protects you from cold.
   rElec:     It insulates you from electricity.
 l - a +2 pair of gloves of strength (worn)
 X - a +0 hat (worn)
 Z - a +6 chain mail of willpower (worn)
Magical Staves
 Y - a staff of air
Jewellery
 e - a +6 ring of strength
 g - a ring of willpower
 k - the ring of Munef {rElec rC+ Int+4}
   (You bought it in a shop on level 4 of the Snake Pit)

   [ring of protection from cold]

   Int:       It affects your intelligence (+4).
   rC:        It protects you from cold.
   rElec:     It insulates you from electricity.
 u - an amulet of magic regeneration
 w - a ring of protection from fire (left hand)
 x - a ring of wizardry
 J - a +4 ring of slaying
 M - an amulet of reflection (around neck)
 O - the ring of Xilucwi {Fly rF- rC+ SInv}
   (You found it on level 15 of the Dungeon)

   [ring of flight]

   rF:        It makes you vulnerable to fire.
   rC:        It protects you from cold.
   SInv:      It lets you see invisible.
   Fly:       It grants you flight.
 P - a +4 ring of evasion (right hand)
Wands
 b - a wand of iceblast (25)
 y - a wand of paralysis (25)
 B - a wand of charming (34)
 G - a wand of mindburst (17)
 I - a wand of flame (65)
 L - a wand of polymorph (28)
 V - a wand of acid (15)
Scrolls
 n - 2 scrolls of summoning
 o - 11 scrolls of magic mapping
 s - a scroll of identify
 z - 2 scrolls of silence
 C - a scroll of enchant weapon
 D - 3 scrolls of blinking
 E - 10 scrolls of fog
 K - 11 scrolls of teleportation
 T - 9 scrolls of fear
Potions
 i - 4 potions of cancellation
 m - 6 potions of might
 p - 3 potions of berserk rage
 r - 3 potions of haste
 t - 4 potions of curing
 v - 6 potions of magic
 N - 3 potions of flight
 R - 4 potions of resistance
 S - 3 potions of ambrosia
Miscellaneous
 f - a phial of floods
 q - a lightning rod (4/4)
 F - a condenser vane


   Skills:
 * Level 24.2 Fighting
 + Level 5.0(14.7) Axes
 + Level 21.0(21.2) Maces & Flails
 + Level 0.3 Throwing
 + Level 16.1 Armour
 + Level 11.4 Dodging
 + Level 21.4 Shields
 + Level 1.0 Spellcasting
 - Level 1.2 Conjurations
 + Level 0.7 Hexes
 + Level 0.8 Summonings
 + Level 0.8 Necromancy
 * Level 6.5 Translocations
 + Level 1.0 Transmutations
 + Level 0.8 Fire Magic
 + Level 0.8 Ice Magic
 + Level 3.5 Air Magic
 + Level 1.0 Earth Magic
 + Level 0.8 Poison Magic
 + Level 10.8 Invocations
 * Level 12.0 Evocations


You had 18 spell levels left.
You knew the following spells:

 Your Spells              Type           Power      Damage    Failure   Level
b - Blink                 Tloc           20%        N/A       13%         2
c - Lesser Beckoning      Tloc           10%        N/A       26%         3

Your spell library contained the following spells:

 Spells                   Type           Power      Damage    Failure   Level
 Shock                    Conj/Air       16%        1d4       43%         1
 Static Discharge         Conj/Air       4%         N/A       56%         2
 Beastly Appendage        Tmut           4%         N/A       63%         1
 Freeze                   Ice            4%         1d3       65%         1
 Summon Small Mammal      Summ           4%         N/A       65%         1
 Swiftness                Air            6%         N/A       65%         3
 Slow                     Hex            4%         N/A       67%         1
 Wereblood                Tmut           2%         N/A       77%         2
 Ensorcelled Hibernation  Hex/Ice        2%         N/A       80%         2
 Sublimation of Blood     Necr           1%         N/A       80%         2
 Conjure Flame            Conj/Fire      2%         6-21      94%         3
 Iskenderun's Mystic Bla  Conj/Tloc      6%         2d4       94%         4
 Manifold Assault         Tloc           10%        N/A       94%         5
 Confusing Touch          Hex            1%         N/A       95%         3
 Frozen Ramparts          Ice            2%         1d2       95%         3
 Inner Flame              Hex/Fire       1%         N/A       95%         3
 Spider Form              Tmut/Pois      1%         N/A       95%         3
 Summon Guardian Golem    Hex/Summ       1%         N/A       95%         3
 Tukima's Dance           Hex            1%         N/A       95%         3
 Vampiric Draining        Necr           1%         2d6       95%         3
 Airstrike                Air            3%         N/A       96%         4
 Summon Lightning Spire   Summ/Air       4%         N/A       99%         4
 Animate Armour           Summ/Erth      2%         N/A       100%        4
 Dispel Undead            Necr           1%         3d6       100%        4
 Hailstorm                Conj/Ice       2%         3d3       100%        4
 Petrify                  Tmut/Erth      2%         N/A       100%        4
 Sticky Flame             Conj/Fire      2%         2d3       100%        4
 Blade Hands              Tmut           1%         N/A       100%        5
 Irradiate                Conj/Tmut      1%         3d14      100%        5
 Lightning Bolt           Conj/Air       2%         1d13      100%        5
 Metabolic Englaciation   Hex/Ice        0%         N/A       100%        5
 Yara's Violent Unravell  Hex/Tmut       0%         3d3       100%        5
 Iron Shot                Conj/Erth      1%         9d1       100%        6
 Starburst                Conj/Fire      1%         6d3       100%        6
 Statue Form              Tmut/Erth      1%         N/A       100%        6
 Orb of Destruction       Conj           1%         N/A       100%        7
 Spellforged Servitor     Conj/Summ      1%         N/A       100%        7
 Summon Horrible Things   Summ           0%         N/A       100%        8
 Dragon's Call            Summ           0%         N/A       100%        9


Dungeon Overview and Level Annotations

Branches:
Dungeon (15/15)            Temple (1/1) D:7            Lair (6/6) D:9
 Shoals (4/4) Lair:3        Snake (4/4) Lair:2        Slime (0/5) Lair:5
    Orc (2/2) D:12            Elf (3/3) Orc:2        Vaults (5/5) D:14
  Crypt (0/3) Vaults:2     Depths (0/4) D:15         Bailey (visited)

Altars:
Ashenzari
Cheibriados
Dithmenos
Elyvilon
Fedhas
Gozag
Hepliaklqana
Kikubaaqudgha
Makhleb
Nemelex Xobeh
Okawaru
Qazlal
Ru
Sif Muna
Trog
Uskayaw
Vehumet
Wu Jian
Xom
Yredelemnul
Zin
The Shining One
Beogh

Shops:
D:4 [   D:15 [:=   Orc:1 :   Orc:2 ([*!?   Elf:2 =**:   Snake:2 ((?
Snake:4 =::   Vaults:1 (

Portals:
Trove: Elf:1 (give +6 ice dragon scales)

Annotations:
D:2 1 runed translucent door, Crazy Yiuf
D:7 storage
D:15 storage
Lair:5 exclusion: 3 oklob plants
Shoals:4 exclusion: oklob plant
Elf:1 storage
Vaults:5 Frederick


Innate Abilities, Weirdness & Mutations

You have a pair of horns on your head.
You reflexively headbutt those who attack you in melee.


Message History

The iron troll claws you but does no damage.
You block the iron troll's attack.
You bludgeon the iron troll!!
The iron troll is almost dead.
Your angel hits the iron dragon with a +2 whip of holy wrath!
Your angel hits the iron dragon but does no damage.
The deep troll earth mage misses your angel.
The deep troll earth mage claws your angel! x2
The iron dragon completely misses your angel.
The iron dragon misses your angel.
The iron dragon tramples your angel but does no damage.
Your river rat bites the iron troll.
The deep elf high priest starts to sing a prayer.
You bludgeon the iron troll!!
You kill the iron troll!
The troll leather armour is intact enough to wear.
Your angel closely misses the iron dragon.
Your angel hits the iron dragon but does no damage.
The deep troll earth mage closely misses your angel.
The deep troll earth mage claws your angel!
The deep troll earth mage misses your angel.
The iron dragon closely misses your angel.
The iron dragon completely misses your angel.
The iron dragon tramples your angel!!
Your angel holds its ground!
Okay, then.
You feel yourself speed up.
Your angel hits the iron dragon but does no damage. x2
Your river rat closely misses the deep troll earth mage.
The deep troll earth mage barely misses your angel.
The deep troll earth mage claws your angel but does no damage. x2
Your angel closely misses the deep troll earth mage.
Your angel hits the deep troll earth mage with a +2 whip of holy wrath.
You feel better. The iron dragon bites your angel!
The iron dragon claws your angel! The iron dragon tramples your angel!
Your angel holds its ground!
Your angel dies!
Your angel dissolves into sparkling lights!
The deep troll earth mage points next to you and mumbles some strange words.
The metal wall shatters!
The blast of metal fragments hits you!!
You die...

################
........rTe....#
.......@.DpCp..#
####################T...#
##......ep.....##.......#
......†.Cp.p.p.p.....#..#
)..#####.#####...##..#..#
..##.........##...#..# .#
)##...........##..#..# .#
.#...###.###...#....## #
##.. ... ..##...#


You could see an iron dragon, a stone giant, 2 vault guards, a deep troll, a
deep elf high priest (brilliance aura), a deep troll earth mage (empowered, ally
target) and a friendly river rat.

Vanquished Creatures
  Mara (Snake:4)
  Saint Roka (Orc:2)
  Asterion (Snake:3)
  A tentacled monstrosity (Vaults:5)
  A deep elf blademaster (Elf:2)
  Polyphemus (Shoals:2)
  A sphinx (D:15)
  Gastronok (D:11)
  Kirke (Shoals:3)
  A storm dragon (Vaults:5)
  2 shadow dragons (Vaults:5)
  Ilsuiw (Shoals:3)
  Donald (Snake:3)
  15 nagarajas
  2 orc warlords
  A fire giant (Vaults:3)
  A frost giant (Shoals:4)
  7 deep elf sorcerers
  Aizul (Snake:1)
  13 vault wardens
  4 deep elf elementalists
  7 very ugly things
  A quicksilver ooze (shapeshifter) (Vaults:1)
  A stone giant (D:15)
  12 ironbound preservers
  10 deep elf annihilators
  14 dire elephants
  A purple draconian (Abyss:2)
  3 entropy weavers
  Azrael (D:15)
  7 deep elf demonologists
  A fire dragon (Lair:6)
  2 ettins
  Josephine (D:10)
  9 deep elf death magi
  15 merfolk impalers
  3 merfolk javelineers
  5 deep elf high priests
  19 vault guards
  10 yaktaur captains
  4 boulder beetles
  8 great orbs of eyes
  19 naga warriors
  Harold (D:8)
  8 salamander tyrants
  Fannar (D:10)
  13 ironbound thunderhulks
  8 anacondas
  12 centaur warriors
  15 hydras
  5 merfolk aquamancers
  8 ironbound frosthearts
  An alligator snapping turtle (Shoals:3)
  4 catoblepae
  3 merfolk avatars
  An ogre mage (Vaults:1)
  4 satyrs
  3 two-headed ogres
  2 death knights
  An anaconda (shapeshifter) (Elf:2)
  24 dancing weapons
  2 orc high priests
  A deep troll shaman (D:15)
  4 tengu warriors
  A vampire mage (Vaults:2)
  3 death yaks
  15 naga sharpshooters
  Urug (D:12)
  11 shock serpents
  A shadow wraith (Vaults:4)
  Nergalle (D:10)
  An iron troll (Vaults:5)
  22 deep elf knights
  9 salamander mystics
  8 skeletal warriors
  13 sea snakes
  13 deep trolls
  7 naga ritualists
  A swamp dragon (shapeshifter) (Elf:3)
  12 deep elf archers
  2 glowing orange brains
  9 wizards
  A large abomination (Abyss:2)
  23 ironbound convokers
  3 lindwurms
  3 necromancers
  A phantasmal warrior (Vaults:4)
  21 orc knights
  31 deep elf pyromancers
  15 harpies
  32 deep elf zephyrmancers
  6 mana vipers
  27 ugly things
  9 orc sorcerers
  8 cyclopes
  6 fauns
  3 elephants
  12 manticores
  18 salamanders
  11 merfolk sirens
  9 guardian serpents
  Joseph (D:8)
  39 black mambas
  20 vault sentinels
  8 water nymphs
  2 molten gargoyles (Lair:6)
  19 naga magi
  16 cane toads
  Psyche (D:12)
  3 rime drakes
  12 komodo dragons
  28 yaktaurs
  Maggie (D:7)
  5 kobold demonologists
  3 efreet (D:15)
  3 freezing wraiths (D:13)
  5 trolls
  A troll (shapeshifter) (D:14)
  6 wind drakes
  3 polar bears
  31 merfolk
  24 blink frogs
  A meliai (D:15)
  A hornet (D:10)
  40 slime creatures
  6 snapping turtles
  A meliai zombie (D:15)
  A tengu simulacrum (Vaults:1)
  8 dream sheep
  3 air elementals
  4 redbacks (Vaults:3)
  2 centaur simulacra (D:15)
  A spriggan (Lair:3)
  6 fire elementals
  7 wraiths
  3 vampires (Vaults:2)
  46 yaks
  12 water elementals
  8 wyverns
  A human (shapeshifter) (D:15)
  5 vampire mosquitoes
  2 steam dragons
  5 basilisks
  A warg (shapeshifter) (Elf:1)
  31 nagas
  10 hell hounds
  2 wargs (Orc:2)
  An acid dragon (D:11)
  9 water moccasins
  A hornet zombie (D:8)
  2 floating eyes (D:15)
  2 ice beasts
  47 orc warriors
  5 black bears
  7 ogres
  24 wolves
  10 centaurs
  5 phantoms
  7 kobold brigands
  2 gnoll sergeants
  A wyvern zombie (D:5)
  10 bullfrogs
  2 scorpions
  7 wights
  4 killer bees (D:9)
  10 electric eels
  6 howler monkeys
  5 lava snakes (Lair:6)
  6 centaur zombies
  A hound (D:5)
  18 orc priests
  2 jellies (D:7)
  4 centaur skeletons
  A gnoll shaman (D:9)
  Jessica (D:3)
  Terence (D:2)
  3 iguanas
  31 orc wizards
  5 hell rats (Lair:2)
  A hound zombie (D:5)
  Robin (D:2)
  A howler monkey zombie (D:9)
  25 gnolls
  3 adders (D:4)
  2 white imps
  2 ufetubi
  A worm (D:2)
  76 orcs
  4 ball pythons
  10 bats
  7 endoplasms
  3 giant cockroaches
  A goblin (shapeshifter) (Vaults:3)
  30 goblins
  13 hobgoblins
  4 jackals (D:1)
  14 kobolds
  4 quokkas
  A frilled lizard (D:1)
  6 rats
  A spectral orc (D:5)
1589 creatures vanquished.

Vanquished Creatures (collateral kills)
  A vault guard (Vaults:5)
  A death yak (Shoals:2)
  2 dancing weapons (Elf:2)
  A centaur zombie (D:15)
  A merfolk (Shoals:2)
  A dream sheep (Shoals:1)
  A water elemental (Shoals:1)
  A yak (Lair:3)
  A naga (shapeshifter) (Vaults:5)
  An orc (Orc:2)
11 creatures vanquished.

Vanquished Creatures (others)
  A naga sharpshooter (Snake:4)
  A naga ritualist (Snake:2)
  A deep elf zephyrmancer (Elf:1)
  A manticore (Shoals:3)
  A merfolk siren (Shoals:3)
  2 humans (Shoals:3)
  An orc (D:7)
  A kobold (D:15)
  17 fungi
  52 plants
78 creatures vanquished.

Grand Total: 1678 creatures vanquished

Notes
Turn   | Place    | Note
-------+----------+-------------------------------------------
     0 | D:1      | fragbeetle the Minotaur Fighter began the quest for the
                  | Orb.
     0 | D:1      | Reached XP level 1. HP: 19/19 MP: 0/0
   189 | D:1      | Reached XP level 2. HP: 27/27 MP: 1/1
   204 | D:1      | Found a faded altar of an unknown god.
   302 | D:1      | Reached skill level 4 in Fighting
   816 | D:1      | Reached XP level 3. HP: 32/33 MP: 2/2
   994 | D:2      | Noticed Terence
  1008 | D:2      | Killed Terence
  1336 | D:2      | Reached XP level 4. HP: 35/40 MP: 3/3
  1602 | D:2      | Noticed Robin
  1608 | D:2      | Killed Robin
  1818 | D:2      | Reached skill level 1 in Maces & Flails
  1970 | D:2      | Found a runed translucent door.
  1971 | D:2      | Noticed Crazy Yiuf
  2031 | D:3      | Reached XP level 5. HP: 47/47 MP: 4/4
  2118 | D:3      | Noticed Jessica
  2126 | D:3      | Killed Jessica
  2594 | D:4      | Noticed an ice beast
  2610 | D:4      | Killed an ice beast
  2611 | D:4      | Reached skill level 5 in Armour
  2611 | D:4      | Reached skill level 1 in Dodging
  2611 | D:4      | Reached XP level 6. HP: 16/53 MP: 5/5
  2886 | D:4      | Found Juhih's Armour Boutique.
  3095 | D:4      | Found an opulent altar of Gozag.
  3099 | D:4      | Found a shimmering blue altar of Sif Muna.
  3264 | D:4      | Found an ancient bone altar of Kikubaaqudgha.
  3264 | D:4      | Found a blossoming altar of Fedhas.
  3581 | D:5      | Entered Level 5 of the Dungeon
  3654 | D:5      | Reached skill level 5 in Fighting
  3654 | D:5      | Reached XP level 7. HP: 61/61 MP: 6/6
  3679 | D:5      | Reached skill level 5 in Maces & Flails
  3774 | D:5      | Found an ornate altar of the Wu Jian Council.
  4021 | D:5      | Reached skill level 5 in Shields
  4143 | D:5      | Found a basalt altar of Yredelemnul.
  4454 | D:6      | Reached XP level 8. HP: 68/69 MP: 7/7
  4587 | D:6      | Found a bloodstained altar of Trog.
  4587 | D:6      | Found a snail-covered altar of Cheibriados.
  4982 | D:7      | Noticed Maggie
  4995 | D:7      | Killed Maggie
  4996 | D:7      | Reached skill level 6 in Fighting
  5037 | D:7      | Found a sacrificial altar of Ru.
  5131 | D:7      | Found a burning altar of Makhleb.
  5306 | D:7      | Found a staircase to the Ecumenical Temple.
  5312 | Temple   | Entered the Ecumenical Temple
  5323 | Temple   | Became a worshipper of the Shining One
  5676 | D:8      | Found a shimmering altar of Xom.
  5689 | D:8      | Found a shimmering altar of Xom.
  5695 | D:8      | Noticed Harold
  5716 | D:8      | Killed Harold
  5717 | D:8      | Reached skill level 7 in Fighting
  5717 | D:8      | Reached XP level 9. HP: 60/79 MP: 8/8
  5829 | D:8      | Found a shimmering altar of Xom.
  5831 | D:8      | Found a shimmering altar of Xom.
  5833 | D:8      | Found a shimmering altar of Xom.
  5856 | D:8      | Noticed Joseph
  5867 | D:8      | Killed Joseph
  5868 | D:8      | Reached skill level 8 in Fighting
  5868 | D:8      | Reached skill level 10 in Maces & Flails
  6052 | D:8      | Found a shimmering altar of Xom.
  6054 | D:8      | Found a shimmering altar of Xom.
  6463 | D:9      | Noticed a death yak
  6465 | D:9      | Found a staircase to the Lair.
  6478 | D:9      | Reached skill level 9 in Fighting
  6488 | D:9      | Killed a death yak
  6489 | D:9      | Reached XP level 10. HP: 61/91 MP: 9/9
  6631 | D:9      | Reached * piety under the Shining One
  6830 | D:9      | Reached skill level 10 in Fighting
  6918 | D:9      | Found a sparkling altar of Nemelex Xobeh.
  7151 | D:10     | Entered Level 10 of the Dungeon
  7239 | D:10     | Noticed a cyclops
  7247 | D:10     | Noticed Josephine
  7250 | D:10     | Killed a cyclops
  7253 | D:10     | Reached ** piety under the Shining One
  7264 | D:10     | Killed Josephine
  7265 | D:10     | Reached skill level 11 in Fighting
  7277 | D:10     | Reached XP level 11. HP: 83/102 MP: 10/10
  7594 | D:10     | Reached skill level 1 in Invocations
  7662 | D:10     | Noticed Nergalle
  7788 | D:11     | Noticed a two-headed ogre
  7805 | D:11     | Killed a two-headed ogre
  7806 | D:11     | Reached skill level 12 in Fighting
  7813 | D:11     | Reached skill level 5 in Dodging
  7833 | D:11     | Noticed a boulder beetle
  7835 | D:11     | Noticed a skeletal warrior
  7883 | D:10     | Killed a boulder beetle
  7942 | D:11     | Found a gate leading to a gauntlet.
  8174 | D:11     | Noticed Gastronok
  8187 | D:11     | Killed Gastronok
  8257 | D:11     | Noticed a skeletal warrior
  8259 | D:11     | Found a flagged portal.
  8269 | Bailey   | Entered a bailey
  8315 | Bailey   | Found an iron altar of Okawaru.
  8315 | Bailey   | Noticed an orc high priest
  8315 | Bailey   | Noticed an orc sorcerer
  8333 | Bailey   | Noticed a sixfirhy
  8352 | Bailey   | Noticed a soul eater
  8357 | Bailey   | Killed an orc high priest
  8368 | Bailey   | Killed an orc sorcerer
  8592 | Bailey   | Reached *** piety under the Shining One
  8696 | Bailey   | Identified the +0 helmet "Jomih" {+Blink rF- rC+++ Str-5}
  8697 | Bailey   | Identified the -2 pair of boots of Uzoits {*Slow rElec
                  | Dex+5}
  8708 | Bailey   | Identified the +7 dagger of World's End {freeze, *Corrode
                  | rC++}
  8967 | D:12     | Acquired the +2 ratskin cloak {*Rats rPois rN+ Str-1 Int-1
                  | Dex+1}
  8967 | D:12     | Found the +2 ratskin cloak {*Rats rPois rN+ Str-1 Int-1
                  | Dex+1}
  9016 | D:12     | Noticed an eight-headed hydra
  9025 | D:12     | Noticed a green ugly thing
  9045 | D:12     | Reached skill level 13 in Fighting
  9049 | D:12     | Killed a green ugly thing
  9057 | D:12     | Killed an eight-headed hydra
  9058 | D:12     | Reached XP level 12. HP: 100/115 MP: 13/13
  9186 | D:12     | Reached skill level 5 in Axes
  9186 | D:12     | Reached skill level 1 in Conjurations
  9186 | D:12     | Reached skill level 1 in Transmutations
  9186 | D:12     | Reached skill level 1 in Earth Magic
  9186 | D:12     | Reached skill level 5 in Invocations
  9186 | D:12     | Reached XP level 13. HP: 122/122 MP: 15/15
  9245 | D:12     | Noticed Psyche
  9253 | D:12     | Killed Psyche
  9307 | D:12     | Identified the +5 helmet of Pathos {Fly rElec}
  9343 | D:12     | Found a staircase to the Orcish Mines.
  9561 | D:12     | Noticed Urug
  9569 | D:12     | Killed Urug
  9570 | D:12     | Reached skill level 14 in Fighting
 10266 | D:10     | Found a white marble altar of Elyvilon.
 10421 | D:10     | Noticed Fannar
 10435 | D:10     | Killed Fannar
 10615 | D:10     | Killed Nergalle
 10692 | D:13     | Learned a level 1 spell: Shock
 10909 | D:13     | Reached skill level 10 in Armour
 10909 | D:13     | Reached skill level 1 in Air Magic
 11150 | D:13     | Reached **** piety under the Shining One
 11180 | D:13     | Reached skill level 15 in Fighting
 11206 | D:13     | Reached skill level 1 in Spellcasting
 11499 | D:14     | Reached skill level 15 in Maces & Flails
 11545 | D:14     | Reached XP level 14. HP: 134/135 MP: 17/17
 11884 | D:7      | Acquired the +2 pair of boots of Inquiry {rElec rC+ Dex+3}
 11977 | Lair:1   | Entered Level 1 of the Lair of Beasts
 13427 | Lair:2   | Found a staircase to the Snake Pit.
 13428 | Lair:2   | Reached ***** piety under the Shining One
 14761 | Lair:3   | Reached skill level 10 in Shields
 14855 | Lair:3   | Learned a level 2 spell: Blink
 15114 | Lair:3   | Reached skill level 1 in Translocations
 15391 | Lair:3   | Found a staircase to the Shoals.
 15625 | Lair:4   | You fall into a shaft and drop 2 floors!
 15625 | Lair:6   | Entered Level 6 of the Lair of Beasts
 15832 | Lair:5   | Found a staircase to the Slime Pits.
 16775 | Lair:5   | Reached skill level 16 in Fighting
 17338 | Orc:1    | Entered Level 1 of the Orcish Mines
 17338 | Orc:1    | Found Xoupoemn's Self-Improvement Boutique.
 17468 | Orc:1    | Reached XP level 15. HP: 135/144 MP: 20/20
 17497 | Orc:1    | Noticed an orc warlord
 17526 | Orc:1    | Killed an orc warlord
 17668 | Orc:2    | Entered Level 2 of the Orcish Mines
 18055 | Orc:2    | Found Xadita Emel's Magic Scroll Shoppe.
 18078 | Orc:2    | Bought a scroll of identify for 34 gold pieces
 18081 | Orc:2    | Bought a scroll of identify for 34 gold pieces
 18081 | Orc:2    | Bought a scroll of identify for 34 gold pieces
 18819 | Orc:2    | Found Liadey Xeac's Distillery.
 18837 | Orc:2    | Reached ****** piety under the Shining One
 18841 | Orc:2    | Found Eloetzom's General Store.
 18867 | Orc:2    | Bought a +2 ring mail of willpower for 210 gold pieces
 18961 | Orc:2    | Found a staircase to the Elven Halls.
 19054 | Orc:2    | Bought a potion of berserk rage for 75 gold pieces
 19054 | Orc:2    | Bought a potion of brilliance for 60 gold pieces
 19345 | Orc:2    | Paralysed by an orc sorcerer for 7 turns
 19397 | Orc:2    | Noticed Saint Roka
 19494 | Orc:2    | Killed Saint Roka
 19523 | Orc:2    | Found Eriryus's Antique Weapon Shoppe.
 19528 | Orc:2    | Found Venud's Antique Armour Emporium.
 19690 | Elf:1    | Entered Level 1 of the Elven Halls
 19793 | Elf:1    | Identified the +0 leather armour "Peoxaer" {Contam rElec
                  | Str+7}
 19937 | Elf:1    | Paralysed by an orc sorcerer for 6 turns
 20614 | Elf:1    | Found a portal to a secret trove of treasure.
 20677 | Elf:1    | Reached XP level 16. HP: 154/154 MP: 22/22
 21025 | Elf:2    | Found a shimmering blue altar of Sif Muna.
 21031 | Elf:2    | Reached skill level 17 in Fighting
 21034 | Elf:2    | Paralysed by an air elemental for 1 turns
 21212 | Elf:2    | Found Qatinegg's Antique Weapon Shoppe.
 21212 | Elf:2    | Found Edenlici's General Store.
 21272 | Elf:2    | Found Uffel's Assorted Antiques.
 21333 | Elf:2    | Paralysed by an air elemental for 1 turns
 21351 | Elf:2    | Identified the +6 hand axe of Letheo {speed, SInv}
 21391 | Elf:2    | Found Qiubbenk's Book Shop.
 21462 | Elf:2    | Found Ucoeneg's Jewellery Shop.
 21468 | Elf:2    | Bought an amulet of reflection for 510 gold pieces
 21535 | Elf:2    | Noticed a deep elf blademaster
 21893 | Elf:2    | Reached skill level 10 in Invocations
 22142 | Elf:2    | Found a huge runed translucent gate.
 22142 | Elf:2    | Found a huge runed translucent gate.
 22143 | Elf:2    | Found a huge runed translucent gate.
 22143 | Elf:2    | Found a huge runed translucent gate.
 22144 | Elf:2    | Found a huge runed translucent gate.
 22211 | Elf:2    | Killed a deep elf blademaster
 23725 | Snake:1  | Entered Level 1 of the Snake Pit
 23729 | Snake:1  | Noticed Aizul
 23751 | Snake:1  | Killed Aizul
 24005 | Snake:1  | Identified the +3 rapier of the Poles {vorpal, rF++ Int-2}
 24797 | Snake:1  | Reached skill level 5 in Evocations
 25094 | Snake:1  | Reached XP level 17. HP: 74/163 MP: 23/23
 25855 | Snake:2  | Reached skill level 18 in Fighting
 25893 | Snake:2  | You fall into a shaft and drop 1 floor!
 27126 | Snake:2  | Identified the amulet "Ogitoob" {Faith rF+ Stlth+}
 27939 | Snake:2  | Found Kotamic's Weapon Boutique.
 27943 | Snake:2  | Found Dauffeis's Weapon Shop.
 27945 | Snake:2  | Found Guchisen's Magic Scroll Boutique.
 27953 | Snake:2  | Bought a scroll of magic mapping for 42 gold pieces
 28361 | Snake:3  | Reached skill level 15 in Shields
 29084 | Snake:4  | Entered Level 4 of the Snake Pit
 29097 | Snake:3  | Reached skill level 10 in Dodging
 29262 | Snake:4  | Noticed Asterion
 29385 | Shoals:1 | Entered Level 1 of the Shoals
 29491 | Shoals:1 | Identified the +10 rapier "Pablo" {elec, Will++ Str-5
                  | Stlth+}
 30165 | Shoals:2 | Reached skill level 19 in Fighting
 30197 | Shoals:2 | Noticed Polyphemus
 30904 | Shoals:2 | Killed Polyphemus
 31526 | Shoals:2 | Reached XP level 18. HP: 155/176 MP: 24/24
 32351 | Shoals:3 | Noticed Kirke
 32355 | Shoals:3 | Noticed Ilsuiw
 32361 | Shoals:3 | Killed Kirke
 32464 | Shoals:3 | Killed Ilsuiw
 33451 | Shoals:4 | Entered Level 4 of the Shoals
 33988 | Elf:3    | Entered Level 3 of the Elven Halls
 33990 | Elf:3    | Paralysed by an air elemental for 1 turns
 34409 | Elf:3    | Found an ancient bone altar of Kikubaaqudgha.
 34460 | Elf:3    | Noticed an Ice Fiend
 34741 | Elf:2    | Bought 2 scrolls of teleportation for 210 gold pieces
 34901 | Elf:1    | Acquired 254 gold pieces
 35022 | Elf:3    | Got Sif Muna's Compendium of Summoning
 35214 | Elf:3    | Identified the +5 dagger of Disintegration {vamp, rN+}
 35242 | Elf:3    | Reached skill level 20 in Fighting
 35906 | Elf:3    | Identified the +9 hand axe "Hixuhyidi" {antimagic, rF-
                  | Str+3 Dex+6 Stlth+}
 35908 | Elf:3    | Cast into level 2 of the Abyss (a deep elf sorcerer)
 35963 | Elf:3    | Escaped the Abyss
 36163 | Elf:3    | Noticed a Tzitzimitl
 36319 | Elf:3    | Noticed a Tzitzimitl
 36444 | Elf:3    | Identified the +6 dagger "Vorreud" {vorpal, rElec Str+2
                  | Int-5}
 36593 | Elf:3    | Identified the +4 trident of Courage {venom, rElec}
 36749 | Elf:3    | Identified the +2 scale mail "Suosmar" {rC+ rN+ Will+ Str-3
                  | Slay+3}
 37403 | D:14     | Reached XP level 19. HP: 183/187 MP: 25/25
 37518 | D:14     | Got the Compendium of the Enthralling Escort
 37935 | D:14     | Found a gate to the Vaults.
 38113 | D:15     | Entered Level 15 of the Dungeon
 38200 | D:15     | Identified the ring "Yhexku Zuomy" {rN+ MP+9}
 38210 | D:15     | Found Cariseuf's Armour Emporium.
 38221 | D:15     | Identified the +2 pair of boots of the Inquisitive Dances
                  | {rElec}
 38227 | D:15     | Bought a +2 pair of gloves for 214 gold pieces
 38370 | D:15     | Noticed Azrael
 38383 | D:15     | Killed Azrael
 38391 | D:15     | Identified the ring of Hiufeng {MP+9 Str+3}
 38528 | D:15     | Found Ohumoagi's Book Shop.
 38554 | D:15     | Found a transporter.
 38643 | D:15     | Found a transporter.
 39103 | D:15     | Found a staircase to the Depths.
 39111 | D:15     | Reached skill level 21 in Fighting
 39160 | D:15     | Reached skill level 15 in Armour
 39210 | D:15     | Identified the +1 robe "Tauhuw" {Harm Int-3 SInv}
 39266 | D:15     | Paralysed by a floating eye for 4 turns
 39346 | D:15     | Identified the ring of Xilucwi {Fly rF- rC+ SInv}
 39592 | D:15     | Found Tehoofic's Jewellery Emporium.
 40002 | Snake:4  | Noticed Mara
 40020 | Snake:3  | Killed Asterion
 40053 | Snake:4  | Noticed fragbeetle's illusion
 40183 | Snake:4  | Noticed fragbeetle's illusion
 40322 | Snake:4  | Noticed Donald
 40689 | Snake:3  | Killed Donald
 40777 | Snake:4  | Noticed fragbeetle's illusion
 40926 | Snake:4  | Noticed fragbeetle's illusion
 41072 | Snake:4  | Found Zioratasch's Jewellery Shop.
 41072 | Snake:4  | Found Vackov's Book Emporium.
 41073 | Snake:4  | Found Guawom's Book Emporium.
 41084 | Snake:4  | Bought the ring of Munef {rElec rC+ Int+4} for 900 gold
                  | pieces
 41327 | Snake:4  | Noticed fragbeetle's illusion
 41403 | Snake:4  | Noticed fragbeetle's illusion
 41777 | Snake:4  | Noticed fragbeetle's illusion
 41783 | Snake:4  | Killed Mara
 42956 | Snake:4  | Reached XP level 20. HP: 160/199 MP: 26/26
 43875 | Snake:4  | Reached skill level 22 in Fighting
 43950 | Snake:4  | Got a serpentine rune of Zot
 44722 | Shoals:4 | Reached skill level 10 in Evocations
 44843 | Shoals:4 | Got the Grimoire of Confrontation
 44852 | Shoals:4 | Learned a level 3 spell: Lesser Beckoning
 45591 | Shoals:4 | Got a barnacled rune of Zot
 46719 | Lair:6   | Found a large runed translucent door.
 46720 | Lair:6   | Found a large runed translucent door.
 47414 | Orc:2    | Bought a glowing cloak for 285 gold pieces
 47477 | Orc:2    | Bought a potion of cancellation for 80 gold pieces
 47520 | Orc:2    | Bought a scroll of enchant weapon for 127 gold pieces
 47520 | Orc:2    | Bought a scroll of blinking for 127 gold pieces
 47520 | Orc:2    | Bought a scroll of teleportation for 51 gold pieces
 47520 | Orc:2    | Bought a scroll of teleportation for 51 gold pieces
 47520 | Orc:2    | Bought a scroll of teleportation for 51 gold pieces
 47698 | Vaults:1 | Entered Level 1 of the Vaults
 48123 | Vaults:1 | Found Axer's Weapon Shoppe.
 48999 | Vaults:1 | Reached skill level 5 in Translocations
 48999 | Vaults:1 | Reached XP level 21. HP: 203/209 MP: 28/28
 49889 | Vaults:2 | Reached skill level 23 in Fighting
 50561 | Vaults:2 | Found a staircase to the Crypt.
 50785 | Vaults:2 | Identified the +6 longbow of Ukkabb {vorpal, Contam rElec
                  | Will+++ Dex-5}
 52972 | Vaults:3 | Identified the +1 ring mail "Dogror" {-Tele Harm rC-
                  | Will+++}
 53980 | Vaults:4 | Reached XP level 22. HP: 222/222 MP: 29/29
 54122 | Vaults:4 | Reached skill level 24 in Fighting
 54952 | Vaults:5 | Entered Level 5 of the Vaults
 55002 | Vaults:5 | Noticed a golden dragon
 55060 | Vaults:5 | Noticed Frederick
 55061 | Vaults:5 | HP: 7/222 [Frederick/iron shot (35)]
 55149 | Vaults:5 | Killed from afar by a deep troll earth mage

Illustrated notes

Levels and vault maps discovered:
D:1:      nzn_arrival_depleted_hourglass, layout_basic,
          nicolae_ecumenical_lake_church
D:2:      layout_basic, uniq_crazy_yiuf_cottage, uniq_robin, uniq_terence
D:3:      layout_rooms, uniq_jessica
D:4:      layout_gridville, grunt_temple_overflow_growth_and_decay,
          grunt_temple_overflow_open, serial_shops, nicolae_shop_statue_plus
D:5:      layout_cave_pods, yredelemnul_forgotten_temple_becter,
          amcnicky_altar_gilded
D:6:      layout_cave_pools, jmf_multi_god_temple, nrook_loot_triangle,
          corexii_leaking_fountain
D:7:      layout_gridville, mainiacjoe_overflow_boulevard,
          mainiacjoe_overflow_alcove_4, minmay_temple_entry_enclosed_plants,
          uniq_maggie
D:8:      layout_gridville, nicolae_xom_altar_mimics, lightli_orcish_oven,
          uniq_harold, uniq_joseph
D:9:      layout_loops_cross, nemelex_spade_bored_becter, david_lair_generic
D:10:     layout_gridville, general_overflow_altar, kennysheep_small_square,
          uniq_nergalle, uniq_josephine, uniq_fannar
D:11:     layout_long_grid, gauntlet_entry_generic, enter_bailey_6,
          uniq_gastronok
D:12:     layout_basic, orc_0_dummy, kb_rosetta, uniq_psyche, uniq_urug
D:13:     layout_loops_ring
D:14:     layout_basic, grunt_vaults_entry_fortified, serial_park_tiny_2
D:15:     hangedman_spin_cycle
Temple:   chequers_temple_sunken
Lair:1:   layout_layer_cave, lemuel_fruit_fields, grunt_megastairs_4
Lair:2:   wander_river, layout_cellular_growth
Lair:3:   layout_hall_layers, minmay_shoals_entry_lonely_mermaid,
          eino_small_chamber_without_monster, grunt_forest_stairs_clearing
Lair:4:   layout_misc_corridors, gammafunk_lair_bear_cave
Lair:5:   layout_regular_city, minmay_slime_entry_oklob_open,
          chequers_serial_rivers_micro_b
Lair:6:   cheibrodos_lair_end_hotspot, layout_gridlike
Shoals:1: layout_shoals
Shoals:2: layout_shoals, uniq_polyphemus
Shoals:3: layout_shoals, yaktaur_hedge, uniq_ilsuiw, uniq_kirke
Shoals:4: shoals_end_grunt_ice, layout_shoals, nicolae_shoals_this_corrosion
Snake:1:  layout_honeycomb, serial_bayou_pond_e, drop_trap,
          nicolae_snake_slithery_hallway, nicolae_snake_shapes, uniq_aizul
Snake:2:  layout_gridlike, nicolae_snake_magic_snake_eye, serial_bayou_shore_a,
          grunt_megastairs_1, minmay_shop_star, uniq_saint_roka
Snake:3:  layout_basic
Snake:4:  grunt_snake_rune_spirals, layout_onion, minmay_shop_grove,
          uniq_asterion, uniq_donald, uniq_mara
Orc:1:    layout_diamond_mine, special_room [special_room_orc],
          nicolae_orc_sculptors_studio, nicolae_shop_self_help
Orc:2:    grunt_orc_community_town_hall, layout_caves,
          grunt_orc_community_big_house_1, grunt_orc_community_big_house_2,
          grunt_orc_community_house_3, grunt_orc_community_house_1,
          grunt_orc_community_house_1, grunt_orc_community_house_3,
          grunt_orc_community_house_2, grunt_orc_community_house_1,
          nicolae_orc_bridge_out, guppyfry_orc_lava_fort
Elf:1:    minmay_elf_arrival_summoners, layout_gridlike,
          nicolae_trove_entry_free_sample, minmay_elf_crystal_hexagon
Elf:2:    elven_hall_of_blades_hangedman_alternative [nicolae_blade_tridents],
          layout_geoelf_octagon, serial_shops, shop, nicolae_shop_trees,
          nicolae_shop_stone, shop, shop, basic_altar
Elf:3:    minmay_elf_hall_spiked, layout_loops_cross, basic_altar,
          minmay_elf_demonology
Vaults:1: vaults_room_fours, v_rooms_1, vaults_dpeg_ring,
          nicolae_vaults_halls_meeting, serial_ice_m, ontoclasm_vaults_chip,
          dpeg_vaults_monster_row, vaults_room_boxed, v_misc_19, v_misc_18,
          layout_vaults_omnibox, serial_shops, nicolae_shop_advertising_works
          [nicolae_subvault_shop_adworks]
Vaults:2: ontoclasm_vaults_hangar, vaults_mumra_chevron,
          nicolae_vaults_diagonal_hallway_7, v_rooms_6, v_misc_17,
          minmay_crypt_entry_vampire_xt, v_misc_31, v_misc_10, v_rooms_6,
          nicolae_vaults_little_squares_5, nicolae_vaults_diagonal_hallway_6,
          nicolae_vaults_network_star, layout_vaults_ring
Vaults:3: v_misc_17, v_pattern_1, v_misc_33, grunt_vaults_bifocal, st_star,
          nicolae_vaults_specimen_jars, ontoclasm_vaults_ring_large, v_misc_24,
          nicolae_vaults_little_squares_2, v_misc_23, v_misc_23,
          vaults_room_stairs_pillars, nicolae_vaults_little_squares_2,
          layout_vaults_omnicross
Vaults:4: v_misc_3, nicolae_vaults_murderbox, nicolae_vaults_triangles,
          v_misc_25, v_misc_25, hangedman_vaults_capsules, v_misc_15,
          hangedman_vaults_stream, hangedman_vaults_river_flow,
          hangedman_vaults_trim, v_misc_17, layout_vaults_maze_snakey
Vaults:5: uniq_margery, uniq_jory, uniq_frederick

Skill      XL: |  1  2  3  4  5  6  7  8  9 10 11 12 13 14 15 16 17 18 19 20 21 22 |
---------------+-------------------------------------------------------------------+-----
Fighting       | 4 5 7 9 11 13 15 16 17 19 20 21 22 23 24 | 24.2
Shields        | 4 5 6 7 8 11 12 14 15 17 18 20 21 | 21.4
Armour         | 4 5 6 7 8 9 10 12 13 14 15 16 | 16.1
Axes           | 3 4 5 |  5.0
Maces & Flails | 1 3 4 6 9 10 12 13 14 15 16 17 18 19 20 21 | 21.0
Dodging        | 1 2 3 4 5 7 8 9 10 11 | 11.4
Invocations    | 3 5 6 8 9 10 | 10.8
Conjurations   | 1 |  1.2
Transmutations | 1 |  1.0
Earth Magic    | 1 |  1.0
Evocations     | 2 5 6 8 9 10 11 12 | 12.0
Air Magic      | 2 3 |  3.5
Spellcasting   | 1 |  1.0
Translocations | 2 4 5 6 |  6.5
Throwing       | |  0.3
Hexes          | |  0.7
Summonings     | |  0.8
Necromancy     | |  0.8
Fire Magic     | |  0.8
Ice Magic      | |  0.8
Poison Magic   | |  0.8

Action                   |  1- 3 |  4- 6 |  7- 9 | 10-12 | 13-15 | 16-18 | 19-21 | 22-24 || total
-------------------------+-------+-------+-------+-------+-------+-------+-------+-------++-------
Melee: War axe           |    59 |       |       |       |       |       |       |       ||    59
       Headbutt          |    13 |    23 |    54 |   106 |   400 |   475 |   844 |    76 ||  1991
       Flail             |     5 |   126 |   228 |   416 |  1462 |  1608 |  2556 |   238 ||  6639
       Hand axe          |       |    11 |     9 |     8 |       |       |       |       ||    28
       Mace              |       |       |    11 |       |       |       |       |       ||    11
Throw: Javelin           |       |       |       |       |     3 |       |       |       ||     3
       Boomerang         |       |       |       |       |       |     7 |       |       ||     7
 Cast: Shock             |       |       |       |       |     5 |       |       |       ||     5
       Blink             |       |       |       |       |       |       |     1 |       ||     1
Invok: Divine Shield     |       |       |       |     2 |     7 |     5 |     3 |     2 ||    19
       Summon Divine War |       |       |       |       |       |     2 |     2 |     4 ||     8
       Cleansing Flame   |       |       |       |       |       |       |     2 |       ||     2
Evoke: Wand              |       |       |     2 |     1 |       |     4 |     6 |       ||    13
  Use: Scroll            |       |     1 |     8 |     8 |    19 |    13 |       |     4 ||    53
       Potion            |       |       |     2 |     6 |     3 |     2 |     1 |    10 ||    24
Armor: Scale mail        |    26 |    80 |    41 |       |       |       |       |       ||   147
       Swamp dragon scal |       |       |    69 |   125 |   319 |       |       |       ||   513
       Chain mail        |       |       |       |       |    61 |   428 |   654 |    53 ||  1196
Dodge: Dodged            |    30 |    58 |    84 |   235 |   647 |   587 |   734 |    57 ||  2432
Block: Buckler           |    23 |    19 |    38 |   104 |    41 |       |       |       ||   225
       Kite shield       |       |       |       |       |   678 |  1260 |  1906 |   181 ||  4025
       Reflection        |       |       |       |       |       |   121 |   188 |    11 ||   320

Table legend: (Time is in decaauts)
 A = Elapsed time spent in this place.
 B = Non-inter-level travel time spent in this place.
 C = Inter-level travel time spent in this place.
 D = Time resting spent in this place.
 E = Time spent auto-exploring this place.
 F = Levels seen in this place.
 G = Mean time per level.
                   A        B        C        D        E       F      G
               +--------+--------+--------+--------+--------+-----+--------+
         Total |  54015 |  50341 |   3674 |   7442 |  23198 |  42 | 1286.1 |
       Dungeon |  15017 |  13373 |   1644 |    835 |   7498 |  15 | 1001.1 |
        Temple |    265 |    241 |     24 |      0 |    214 |   1 |  265.0 |
          Lair |   6783 |   6095 |    688 |     39 |   4271 |   6 | 1130.5 |
        Shoals |   5568 |   5502 |     66 |   1318 |   1815 |   4 | 1392.0 |
     Snake Pit |   9587 |   9082 |    505 |   3004 |   2894 |   4 | 2396.8 |
  Orcish Mines |   2807 |   2446 |    361 |    147 |   1043 |   2 | 1403.5 |
   Elven Halls |   6444 |   6232 |    212 |   1556 |   1836 |   3 | 2148.0 |
        Vaults |   6848 |   6677 |    171 |    467 |   3376 |   5 | 1369.6 |
         Abyss |     50 |     50 |      0 |      0 |      0 |   1 |   50.0 |
        Bailey |    641 |    641 |      0 |     76 |    250 |   1 |  641.0 |
               +--------+--------+--------+--------+--------+-----+--------+

Top non-repeatable levels by time:
 Snake:2: 2929 daAuts
   Elf:2: 2876 daAuts
 Snake:4: 2735 daAuts
 Snake:3: 2244 daAuts
Vaults:3: 1992 daAuts
   Orc:2: 1955 daAuts
   Elf:1: 1910 daAuts
Shoals:3: 1730 daAuts
Vaults:1: 1713 daAuts
 Snake:1: 1677 daAuts
   Elf:3: 1658 daAuts
Vaults:2: 1636 daAuts
    D:14: 1500 daAuts
    D:15: 1448 daAuts
  Lair:1: 1418 daAuts
